 Dungeon Crawl Stone Soup version 0.31-a0-996-g3b49de5836 (webtiles) character file.

Game seed: 5056662036345226742

12277 BinkBink the Fighter (level 11, 0/72 HPs)
             Began as a Gargoyle Fighter on Nov 7, 2023.
             Was a Believer of Qazlal.
             Slain by a minotaur
             ... wielding the +5 mace of the Bedazzling Gods {protect, SInv Stlth+}
              (24 damage)
             ... in a Gauntlet.
             The game lasted 00:18:53 (8364 turns).

BinkBink the Fighter (Gargoyle Fighter)             Turns: 8364, Time: 00:18:53

Health: 0/72       AC: 30    Str: 23    XL:     11   Next: 90%
Magic:  11/11      EV: 13    Int:  8    God:    Qazlal [**....]
Gold:   616        SH: 10    Dex: 17    Spells: 10/10 levels left

rFire   + . .        t - +4 mace (protect)
rCold   . . .        c - +0 buckler
rNeg    + . .        s - +3 scale mail {rF+}
rPois   ∞            (no helmet)
rElec   +            (no cloak)
rCorr   .            (no gloves)
SInv    .            (no boots)
Will    .....        g - amulet of regeneration Stlth
                     f - +4 ring of protection
HPRegen 1.12/turn    b - +6 ring of dexterity
MPRegen 0.12/turn

%: no teleportation
@: mighty, under a protective aura
A: sickness immunity, AC +8, negative energy resistance 1, electricity
resistance, torment resistance 1, petrification resistance
a: Renounce Religion, Upheaval


You were in a Gauntlet.
You worshipped Qazlal.
Qazlal was pleased with you.
You visited 2 branches of the dungeon, and saw 12 of its levels.
You also visited: Gauntlet.

You collected 748 gold pieces.
You spent 132 gold pieces at shops.

Inventory:

Hand Weapons
 t - a +4 mace of protection (weapon)
 G - a +4 morningstar
Armour
 c - a +0 buckler (worn)
 s - a +3 scale mail of fire resistance (worn)
Jewellery
 b - a +6 ring of dexterity (right hand)
 f - a +4 ring of protection (left hand)
 g - an amulet of regeneration (around neck)
 i - a +6 ring of dexterity
 o - an amulet of reflection
 p - a ring of fire
 z - a +6 ring of intelligence
 J - a ring of wizardry
 K - the ring "Liewent" {rC+ Str+2 Int+4}
   (You found it in a Gauntlet)

   [ring of protection from cold]

   Str+2:     It affects your strength (+2).
   Int+4:     It affects your intelligence (+4).
   rC+:       It protects you from cold.
Wands
 v - a wand of flame (22)
 y - a wand of paralysis (8)
 H - a wand of roots (5)
Scrolls
 a - 2 scrolls of poison
 e - 3 scrolls of fog
 l - 3 scrolls of silence
 m - 2 scrolls of fear
 n - 2 scrolls of noise
 w - 2 scrolls of teleportation
 C - a scroll of vulnerability
 E - a scroll of blinking
 F - a scroll of identify
Potions
 h - 4 potions of resistance
 j - a potion of cancellation
 k - 4 potions of mutation
 q - a potion of degeneration {unknown}
 r - 2 potions of enlightenment
 u - 3 potions of lignification
 x - 4 potions of haste
 A - a potion of ambrosia {unknown}
 B - a potion of attraction {unknown}
 D - 3 potions of curing {unknown}
 I - a potion of magic {unknown}
Miscellaneous
 L - a phial of floods


   Skills:
 + Level 9.9 Fighting
 + Level 8.7 Maces & Flails
 + Level 9.8 Armour
 + Level 6.9 Dodging
 + Level 9.8 Shields


You had 10 spell levels left.
You didn't know any spells.
Your spell library contained the following spells:

 Spells                   Type           Power      Damage    Failure   Level
 Apportation              Tloc           0%         N/A       71%         1
 Freeze                   Ice            0%         1d3       71%         1
 Necrotise                Necr           0%         1d4       71%         1
 Summon Small Mammal      Summ           0%         N/A       71%         1
 Static Discharge         Conj/Air       0%         3-3/arc   85%         2
 Call Canine Familiar     Summ           0%         N/A       97%         3
 Dazzling Flash           Conj/Hex       0%         N/A       97%         3
 Frozen Ramparts          Ice            0%         1d1       97%         3
 Hailstorm                Conj/Ice       0%         3d3       97%         3
 Ozocubu's Armour         Ice            0%         N/A       97%         3
 Summon Guardian Golem    Hex/Summ       0%         N/A       97%         3
 Vampiric Draining        Necr           0%         2d6       97%         3
 Volatile Blastmotes      Fire/Tloc      0%         2d10      97%         3
 Airstrike                Air            0%         2d(0-16)  100%        4
 Fulminant Prism          Conj/Hex       0%         3d5       100%        4
 Iskenderun's Mystic Bla  Conj/Tloc      0%         2d3       100%        4
 Summon Ice Beast         Ice/Summ       0%         N/A       100%        4
 Summon Lightning Spire   Summ/Air       0%         N/A       100%        4
 Agony                    Necr           0%         N/A       100%        5
 Metabolic Englaciation   Hex/Ice        0%         N/A       100%        5
 Silence                  Hex/Air        0%         N/A       100%        5
 Simulacrum               Ice/Necr       0%         N/A       100%        6


Dungeon Overview and Level Annotations

Branches:
Dungeon (11/15)            Temple (1/1) D:7            Lair (0/5) D:9
    Orc (0/2) D:9         Gauntlet (1/1)

Altars:
Ashenzari
Cheibriados
Dithmenos
Elyvilon
Fedhas
Gozag
Hepliaklqana
Kikubaaqudgha
Makhleb
Nemelex Xobeh
Okawaru
Qazlal
Ru
Sif Muna
Trog
Uskayaw
Vehumet
Wu Jian
Xom
Yredelemnul
Zin
The Shining One

Shops:
D:3 (   D:5 *   D:6 *   D:8 *

Annotations:
D:3 1 runed translucent door, Crazy Yiuf Gauntlet 6 transporters, exclusion: oklob plant


Innate Abilities, Weirdness & Mutations

You are immune to sickness and miasma.
Your stone body is resilient. (AC +8)
You are immune to poison.
You resist negative energy. (rN+)
You are resistant to electric shocks. (rElec)
You are resistant to unholy torment.
You are immune to petrification.


Message History

The minotaur hits you but does no damage.
You block the minotaur's attack.
You barely miss the minotaur.
The minotaur furiously retaliates!
The minotaur headbutts you, but does no damage.
You block the minotaur's attack.
The minotaur gores you but does no damage.
You hit the minotaur but do no damage.
The minotaur hits you with the +5 mace of the Bedazzling Gods {protect, SInv Stlth+}!
You block the minotaur's attack.
You hit the minotaur but do no damage. You block the minotaur's attack.
The minotaur gores you!
You barely miss the minotaur.
The minotaur furiously retaliates!
The minotaur headbutts you, but does no damage.
You block the minotaur's attack.
The minotaur gores you but does no damage.
You hit the minotaur.
The minotaur is lightly wounded.
You block the minotaur's attack. The minotaur closely misses you.
You hit the minotaur but do no damage.
The minotaur is lightly wounded.
The minotaur hits you but does no damage.
You block the minotaur's attack.
You completely miss the minotaur.
The minotaur is lightly wounded.
You block the minotaur's attack. The minotaur gores you.
You hit the minotaur but do no damage.
The minotaur is lightly wounded.
The minotaur hits you with the +5 mace of the Bedazzling Gods {protect, SInv Stlth+}!!
The minotaur gores you but does no damage.
You feel very mighty all of a sudden. You block the minotaur's attack. x2
You hit the minotaur but do no damage.
The minotaur is lightly wounded.
The minotaur hits you with the +5 mace of the Bedazzling Gods {protect, SInv Stlth+}.
The minotaur gores you but does no damage.
You closely miss the minotaur.
The minotaur furiously retaliates!
The minotaur headbutts you, but does no damage.
The minotaur is lightly wounded.
The minotaur hits you with the +5 mace of the Bedazzling Gods {protect, SInv Stlth+}!!
You die...

≈#≈#≈#≈#≈# ...§.§§§.##
.........≈#
#######..##
#.....#..≈#
#.###.#..######
###...#..≈##..######
..©..§#..###..##...#
###...#..≈##..##@#.#
#.###.#..###....H#.#
#.....#..#....##.#.#
#######..#©...##...#
.......∩.#....##.#.#
.........#.......#.'.
#######..#©...##.#.##∩
....tb#..#....##... .
##.##b#..###..# .#.


You could see a minotaur.

Vanquished Creatures
  A ghost crab (Gauntlet)
  A death yak (D:9)
  Sonja (D:11)
  An oklob plant (Gauntlet)
  A manticore (D:11)
  A cyclops (D:8)
  A torpor snail (Gauntlet)
  A kobold demonologist (D:10)
  Sigmund (D:3)
  2 shadows
  A wyvern (D:9)
  22 yaks
  A vampire (D:10)
  A steam dragon (D:9)
  3 acid dragons
  3 water moccasins
  2 ogres (D:6)
  4 ice beasts
  3 orc warriors
  3 black bears
  4 wolves (Gauntlet)
  5 centaurs
  3 phantoms
  3 kobold brigands
  A bullfrog (D:7)
  3 scorpions
  9 wights
  5 killer bees (D:11)
  2 howler monkeys
  2 electric eels (D:10)
  A crimson imp (D:7)
  4 jellies
  3 hounds
  2 gnoll boudas (D:5)
  4 orc priests
  An iguana (D:6)
  A hell rat (D:9)
  10 orc wizards
  7 gnolls (D:5)
  6 adders
  A river rat (D:9)
  2 shadow imps
  2 white imps (D:5)
  2 ufetubi (D:6)
  A worm (D:2)
  4 dart slugs
  22 orcs
  13 ball pythons
  9 endoplasms
  3 giant cockroaches
  7 goblins
  12 hobgoblins
  6 quokkas
  4 bats
  27 kobolds
  6 rats
  A spectral orc (D:7)
252 creatures vanquished.

Vanquished Creatures (others)
  An orc (D:9)
1 creature vanquished.

Grand Total: 253 creatures vanquished

Notes
Turn   | Place    | Note
-------+----------+-------------------------------------------
     0 | D:1      | BinkBink the Gargoyle Fighter began the quest for the Orb.
     0 | D:1      | Reached XP level 1. HP: 14/14 MP: 1/1
    80 | D:1      | Reached XP level 2. HP: 16/19 MP: 2/2
   279 | D:1      | You fall into a shaft and drop 1 floor!
   319 | D:2      | Reached XP level 3. HP: 23/23 MP: 3/3
   548 | D:2      | Reached XP level 4. HP: 29/29 MP: 4/4
  1656 | D:3      | Found a runed translucent door.
  1657 | D:3      | Noticed Crazy Yiuf
  1747 | D:3      | Reached skill level 1 in Dodging
  1834 | D:3      | Found Kupnuot's Antique Weapon Emporium.
  1850 | D:3      | Reached XP level 5. HP: 33/33 MP: 5/5
  1939 | D:3      | Noticed Sigmund
  1945 | D:3      | Killed Sigmund
  1946 | D:3      | Reached XP level 6. HP: 35/39 MP: 6/6
  2300 | D:4      | Noticed an ice beast
  2317 | D:4      | Killed an ice beast
  2318 | D:4      | Reached XP level 7. HP: 31/44 MP: 7/7
  2368 | D:4      | Reached skill level 5 in Fighting
  2427 | D:4      | Reached skill level 5 in Armour
  2455 | D:4      | Found an iron altar of Okawaru.
  2470 | D:4      | Found an ornate altar of the Wu Jian Council.
  2523 | D:4      | Found a broken altar of Ashenzari.
  2571 | D:4      | Reached skill level 5 in Shields
  2810 | D:5      | Entered Level 5 of the Dungeon
  2916 | D:5      | Found Viziup's Assorted Antiques.
  2927 | D:5      | Bought a runed mace for 132 gold pieces
  3002 | D:5      | Reached XP level 8. HP: 39/50 MP: 8/8
  3378 | D:6      | Reached skill level 5 in Maces & Flails
  3442 | D:6      | Reached XP level 9. HP: 54/56 MP: 9/9
  3645 | D:6      | Found Rafig's Lightly-Used Armoury.
  4130 | D:7      | Found a shimmering altar of Xom.
  4130 | D:7      | Found a burning altar of Makhleb.
  4231 | D:7      | Found a staircase to the Ecumenical Temple.
  4257 | Temple   | Entered the Ecumenical Temple
  4269 | Temple   | Became a worshipper of Qazlal Stormbringer
  4347 | D:7      | Found an opulent altar of Gozag.
  4391 | D:7      | Found a basalt altar of Yredelemnul.
  4568 | D:8      | Found Gewoe's Assorted Antiques.
  4681 | D:8      | Found a white marble altar of Elyvilon.
  4756 | D:8      | Found a shimmering blue altar of Sif Muna.
  4993 | D:8      | Found a bloodstained altar of Trog.
  5131 | D:8      | Noticed a cyclops
  5170 | D:8      | Killed a cyclops
  5171 | D:8      | Reached XP level 10. HP: 63/63 MP: 10/10
  5396 | D:9      | Found a staircase to the Orcish Mines.
  5435 | D:8      | Reached skill level 5 in Dodging
  5488 | D:9      | Found a snail-covered altar of Cheibriados.
  5599 | D:9      | Noticed a death yak
  5601 | D:9      | Noticed a death yak
  5602 | D:9      | Noticed a death yak
  5643 | D:9      | Killed a death yak
  5675 | D:9      | Reached * piety under Qazlal
  5817 | D:9      | Found a staircase to the Lair.
  6342 | D:10     | Entered Level 10 of the Dungeon
  6647 | D:10     | Noticed a kobold demonologist
  6715 | D:10     | Reached XP level 11. HP: 56/69 MP: 11/11
  6723 | D:10     | Noticed a soul eater
  6769 | D:10     | Reached ** piety under Qazlal
  7205 | D:10     | Found a shadowy altar of Dithmenos.
  7317 | D:10     | Found a hide-covered altar of Uskayaw.
  7595 | D:11     | Noticed a manticore
  7624 | D:11     | Killed a manticore
  7664 | D:11     | Noticed Sonja
  7729 | D:11     | Killed Sonja
  7829 | D:11     | Found a gate leading to a gauntlet.
  7842 | Gauntlet | Entered a Gauntlet
  7842 | Gauntlet | Found a transporter.
  7842 | Gauntlet | Found a transporter.
  7842 | Gauntlet | Found a transporter.
  7843 | Gauntlet | Noticed a sixfirhy
  7852 | Gauntlet | Found a transporter.
  7855 | Gauntlet | Found a transporter.
  7861 | Gauntlet | Noticed an oklob plant
  7863 | Gauntlet | Found a transporter.
  7866 | Gauntlet | Found a transporter.
  7874 | Gauntlet | Found a transporter.
  7874 | Gauntlet | Noticed a ghost crab
  7888 | Gauntlet | Noticed a fire crab
  7892 | Gauntlet | Found a transporter.
  7909 | Gauntlet | Found a transporter.
  7912 | Gauntlet | Found a transporter.
  7913 | Gauntlet | Noticed an oklob plant
  7924 | Gauntlet | Found a transporter.
  8264 | Gauntlet | Killed an oklob plant
  8287 | Gauntlet | Killed a ghost crab
  8333 | Gauntlet | Identified the ring "Liewent" {rC+ Str+2 Int+4}
  8346 | Gauntlet | Identified the +5 mace of the Bedazzling Gods {protect,
                  | SInv Stlth+}
  8346 | Gauntlet | Identified the +5 ring mail of Untruth {MP-9 Int+5}
  8346 | Gauntlet | Noticed a minotaur
  8364 | Gauntlet | Slain by a minotaur

Illustrated notes

Levels and vault maps discovered:
D:1:      nagdon_arrival_zigzag_paths, layout_basic, minmay_box_of_dots
D:2:      layout_rooms, minmay_tromino_v4_b
D:3:      layout_loops_ring, serial_shops, nicolae_shop_behind_doors,
          uniq_sigmund, uniq_crazy_yiuf_cottage
D:4:      layout_rooms, okawaru_ov_weapons_minmay, nicolae_wu_jian_wuxing_cycle,
          mainiacjoe_overflow_brackets
D:5:      layout_rooms, serial_shops, shop
D:6:      layout_loops_cross, dk_vineyard_3, minmay_shop_damaged
D:7:      layout_basic, grunt_temple_overflow_champion_of_chaos,
          nicolae_gozag_seed_capital, yredelemnul_forgotten_temple_becter,
          minmay_temple_entry_statues_pillars
D:8:      layout_basic, general_overflow_altar, elyvilon_altar_3,
          lemuel_blue_sif_altar, serial_shops, shop
D:9:      layout_roguey, mainiacjoe_overflow_paths, dpeg_lair_monsters,
          orc_0_dummy, minivault_22
D:10:     layout_basic, nicolae_uskayaw_dance_studio, grunt_dithmenos_shadows,
          serial_library_regret_index_double_sided, bh_walls_and_bars
D:11:     layout_big_octagon, gauntlet_entry_generic, dreamdust_wishing_well,
          kb_lookout_dungeons_type, uniq_sonja
Temple:   hellmonk_temple_rainy
Gauntlet: minmay_gauntlet_mixed_big_or_small [nicolae_gauntlet_swirl,
          minmay_gauntlet_arena_77_terracotta_army,
          gammafunk_gauntlet_arena_corners,
          minmay_gauntlet_arena_77_block_sizes, nicolae_gauntlet_arena_grate_2,
          minmay_gauntlet_arena_77_mirror, gauntlet_exit_hidden_loot]

Skill      XL: |  1  2  3  4  5  6  7  8  9 10 11 |
---------------+----------------------------------+-----
Fighting       | 4 5 6 7 8 9 |  9.9
Armour         | 4 5 6 7 8 9 |  9.8
Shields        | 4 5 6 7 8 9 |  9.8
Dodging        | 1 2 3 4 5 6 |  6.9
Maces & Flails | 3 4 5 6 7 8 |  8.7

Action                     |  1- 3 |  4- 6 |  7- 9 | 10-12 || total
---------------------------+-------+-------+-------+-------++-------
  Melee: Flail             |    82 |   179 |   102 |       ||   363
         Mace              |       |       |   317 |   684 ||  1001
    Use: Scroll            |       |       |    11 |     7 ||    18
         Potion            |       |       |     1 |     1 ||     2
 Armour: Scale mail        |    52 |   141 |   404 |   576 ||  1173
  Dodge: Dodged            |    33 |    61 |   283 |   390 ||   767
  Block: Buckler           |    16 |    32 |   162 |   381 ||   591

Table legend: (Time is in decaauts)
 A = Elapsed time spent in this place.
 B = Non-inter-level travel time spent in this place.
 C = Inter-level travel time spent in this place.
 D = Time resting spent in this place.
 E = Time spent auto-exploring this place.
 F = Levels seen in this place.
 G = Mean time per level.
                   A        B        C        D        E       F      G
               +--------+--------+--------+--------+--------+-----+--------+
         Total |   8561 |   8285 |    276 |    565 |   5102 |  13 |  658.5 |
       Dungeon |   8006 |   7730 |    276 |    383 |   4972 |  11 |  727.8 |
        Temple |     24 |     24 |      0 |      0 |      0 |   1 |   24.0 |
      Gauntlet |    530 |    530 |      0 |    182 |    130 |   1 |  530.0 |
               +--------+--------+--------+--------+--------+-----+--------+

Top non-repeatable levels by time:
     D:9: 1030 daAuts
     D:8: 1007 daAuts
    D:10: 949 daAuts
     D:3: 908 daAuts
     D:1: 872 daAuts
     D:6: 819 daAuts
     D:4: 627 daAuts
Gauntlet: 530 daAuts
     D:7: 493 daAuts
     D:2: 490 daAuts
     D:5: 454 daAuts
    D:11: 353 daAuts
  Temple: 24 daAuts
